[ AOE2 MATCH · #505582016 ]
UnrankedVietnamese vs Bengalis
Player's team · LOSS
Rival team · WIN
[ REPLAY ANALYSIS · EXTRACTED FROM THE RECORDED GAME ]
Feudal
12:24
Castle
23:46
Imperial
—
| APM avg | 49.9 |
| APM peak | 92 |
| eAPM avg | 24.5 |
| Villagers / military | 105 / 69 |
Focus
⚔️ 32.2% · 🌾 67.8%
Knight ×27 · Skirmisher ×20 · Mangonel ×9 · Militia ×4 · Spearman ×3 · Monk ×2
Feudal
8:51
Castle
24:53
Imperial
38:44
| APM avg | 60.3 |
| APM peak | 95 |
| eAPM avg | 23.4 |
| Villagers / military | 92 / 54 |
Focus
⚔️ 43.2% · 🌾 56.8%
Archer ×47 · Monk ×7
Match map
Initial resources + every placement click. Lines = walls · curves = elevation contours. ◆ gold · ⬟ stone · ● berries · ✦ relic · ◌ wall gap
Your base· Open — unwalled flank
wed890u's base· Open — unwalled flank
Smoothed initial terrain · ◌ = detected wall gap · hover for details
Inputs per minute
— eduv - - wed890u
Build order — eduv
First 150 of 308 actions detected
| 0:02 | Create | Villager (Male) |
| 0:02 | Create | Villager (Male) |
| 0:03 | Build | House |
| 0:04 | Build | House |
| 0:10 | Create | Villager (Male) |
| 0:10 | Create | Villager (Male) |
| 1:34 | Create | Villager (Male) |
| 1:34 | Create | Villager (Male) |
| 1:55 | Create | Villager (Male) |
| 1:55 | Create | Villager (Male) |
| 2:10 | Create | Villager (Male) |
| 2:34 | Create | Villager (Male) |
| 2:34 | Create | Villager (Male) |
| 2:45 | Create | Villager (Male) |
| 2:46 | Create | Villager (Male) |
| 3:45 | Create | Villager (Male) |
| 3:46 | Create | Villager (Male) |
| 3:46 | Create | Villager (Male) |
| 3:47 | Create | Villager (Male) |
| 3:53 | Build | House |
| 4:50 | Build | Barracks |
| 4:57 | Create | Villager (Male) |
| 4:57 | Create | Villager (Male) |
| 5:25 | Create | Villager (Male) |
| 5:25 | Create | Villager (Male) |
| 5:25 | Create | Villager (Male) |
| 5:25 | Create | Villager (Male) |
| 5:25 | Create | Villager (Male) |
| 5:28 | Build | House |
| 5:46 | Create | Militia |
| 5:46 | Create | Militia |
| 5:52 | Create | Villager (Male) |
| 5:52 | Create | Villager (Male) |
| 6:12 | Create | Villager (Male) |
| 6:12 | Create | Villager (Male) |
| 6:22 | Build | Lumber Camp |
| 6:25 | Create | Villager (Male) |
| 6:28 | Create | Militia |
| 6:44 | Create | Villager (Male) |
| 6:52 | Create | Militia |
| 7:36 | Create | Villager (Male) |
| 7:40 | Build | House |
| 8:24 | Create | Villager (Male) |
| 8:39 | Build | House |
| 8:47 | Build | Mill |
| 8:49 | Create | Villager (Male) |
| 8:49 | Create | Villager (Male) |
| 9:26 | Create | Villager (Male) |
| 9:30 | Create | Villager (Male) |
| 9:37 | Build | Mining Camp |
| 10:12 | Research | Feudal Age |
| 10:12 | Research | Feudal Age |
| 10:34 | Build | House |
| 10:43 | Research | Loom |
| 11:09 | Build | Farm |
| 11:10 | Build | Farm |
| 11:11 | Build | Farm |
| 11:12 | Build | Farm |
| 11:44 | Create | Villager (Male) |
| 12:03 | Create | Villager (Male) |
| 12:24 | Age | Feudal Age |
| 12:27 | Build | Archery Range |
| 12:29 | Build | Blacksmith |
| 12:30 | Research | Double-Bit Axe |
| 12:30 | Research | Double-Bit Axe |
| 12:32 | Research | Horse Collar |
| 12:32 | Research | Horse Collar |
| 12:33 | Create | Villager (Male) |
| 12:41 | Research | Man-at-Arms (upgrade) |
| 12:41 | Research | Man-at-Arms (upgrade) |
| 13:12 | Create | Skirmisher |
| 13:13 | Research | Forging |
| 13:16 | Research | Fletching |
| 13:24 | Create | Villager (Male) |
| 13:26 | Build | Farm |
| 14:02 | Build | Watch Tower |
| 14:06 | Create | Villager (Male) |
| 14:08 | Create | Skirmisher |
| 14:08 | Create | Skirmisher |
| 14:08 | Create | Skirmisher |
| 14:09 | Create | Skirmisher |
| 14:13 | Build | Archery Range |
| 14:15 | Create | Villager (Male) |
| 14:20 | Build | House |
| 14:39 | Create | Villager (Male) |
| 14:45 | Create | Villager (Male) |
| 14:48 | Create | Skirmisher |
| 14:48 | Create | Skirmisher |
| 14:59 | Build | Stone Wall |
| 15:00 | Build | Stone Wall |
| 15:01 | Build | Stone Wall |
| 15:02 | Build | Stone Wall |
| 15:04 | Build | Stone Wall |
| 15:05 | Build | Stone Wall |
| 15:06 | Create | Villager (Male) |
| 15:10 | Create | Skirmisher |
| 15:11 | Create | Skirmisher |
| 15:26 | Build | House |
| 15:27 | Build | House |
| 15:28 | Build | House |
| 15:34 | Create | Skirmisher |
| 15:38 | Build | Farm |
| 15:42 | Build | Farm |
| 15:48 | Create | Skirmisher |
| 16:02 | Build | Farm |
| 16:09 | Build | Farm |
| 16:28 | Create | Skirmisher |
| 16:29 | Create | Skirmisher |
| 16:30 | Create | Villager (Male) |
| 16:31 | Create | Villager (Male) |
| 16:34 | Build | Farm |
| 16:45 | Build | Farm |
| 17:19 | Create | Villager (Male) |
| 17:21 | Research | Wheelbarrow |
| 17:23 | Build | Farm |
| 17:24 | Build | Farm |
| 17:30 | Build | Lumber Camp |
| 17:40 | Build | House |
| 17:42 | Build | House |
| 17:56 | Create | Skirmisher |
| 17:56 | Create | Skirmisher |
| 18:09 | Build | Palisade Wall |
| 18:11 | Create | Villager (Male) |
| 18:15 | Build | Farm |
| 18:17 | Build | Farm |
| 18:19 | Build | Farm |
| 18:28 | Build | Farm |
| 18:32 | Build | Farm |
| 18:34 | Create | Villager (Male) |
| 18:53 | Create | Villager (Male) |
| 19:22 | Create | Villager (Male) |
| 19:23 | Create | Skirmisher |
| 19:23 | Create | Skirmisher |
| 19:39 | Build | Farm |
| 19:40 | Build | Farm |
| 19:54 | Build | House |
| 20:09 | Build | Farm |
| 20:14 | Build | Market |
| 20:16 | Create | Villager (Male) |
| 20:16 | Create | Villager (Male) |
| 20:20 | Build | Lumber Camp |
| 20:42 | Build | Farm |
| 20:43 | Build | Farm |
| 20:52 | Build | Mining Camp |
| 21:01 | Research | Castle Age |
| 21:01 | Research | Castle Age |
| 21:05 | Build | House |
| 21:07 | Build | House |
| 21:25 | Research | Gold Mining |
| 21:25 | Research | Gold Mining |
Build order — wed890u
First 150 of 266 actions detected
| 0:00 | Create | Villager (Male) |
| 0:01 | Create | Villager (Male) |
| 0:02 | Build | House |
| 0:03 | Build | House |
| 0:13 | Create | Villager (Male) |
| 0:14 | Create | Villager (Male) |
| 1:27 | Create | Villager (Male) |
| 1:27 | Create | Villager (Male) |
| 1:38 | Create | Villager (Male) |
| 2:28 | Create | Villager (Male) |
| 2:49 | Create | Villager (Male) |
| 3:06 | Create | Villager (Male) |
| 3:23 | Build | Lumber Camp |
| 3:35 | Build | House |
| 3:44 | Create | Villager (Male) |
| 3:44 | Create | Villager (Male) |
| 3:45 | Create | Villager (Male) |
| 4:07 | Create | Villager (Male) |
| 4:07 | Create | Villager (Male) |
| 4:38 | Build | Mill |
| 4:42 | Create | Villager (Male) |
| 5:29 | Create | Villager (Male) |
| 5:30 | Research | Loom |
| 6:33 | Build | House |
| 6:41 | Research | Feudal Age |
| 6:41 | Research | Feudal Age |
| 7:05 | Build | Palisade Wall |
| 7:07 | Build | Palisade Wall |
| 7:09 | Build | Palisade Wall |
| 7:11 | Build | Palisade Wall |
| 7:13 | Build | Palisade Wall |
| 7:17 | Create | Villager (Male) |
| 7:21 | Create | Villager (Male) |
| 7:56 | Build | Palisade Wall |
| 8:03 | Create | Villager (Male) |
| 8:16 | Build | Barracks |
| 8:38 | Build | Mining Camp |
| 8:51 | Age | Feudal Age |
| 9:18 | Build | Palisade Wall |
| 9:41 | Build | House |
| 9:57 | Create | Villager (Male) |
| 10:00 | Build | Lumber Camp |
| 10:04 | Build | House |
| 10:15 | Create | Villager (Male) |
| 10:33 | Create | Villager (Male) |
| 10:55 | Create | Villager (Male) |
| 11:01 | Build | House |
| 11:12 | Build | Archery Range |
| 11:20 | Research | Double-Bit Axe |
| 11:20 | Research | Double-Bit Axe |
| 11:29 | Create | Villager (Male) |
| 11:34 | Build | House |
| 11:46 | Create | Archer |
| 11:46 | Create | Archer |
| 11:51 | Build | House |
| 11:59 | Create | Villager (Male) |
| 12:14 | Build | House |
| 12:19 | Create | Villager (Male) |
| 12:22 | Build | Archery Range |
| 12:26 | Create | Villager (Male) |
| 12:37 | Create | Archer |
| 12:48 | Create | Villager (Male) |
| 12:50 | Build | Farm |
| 12:59 | Create | Archer |
| 13:07 | Build | House |
| 13:08 | Create | Archer |
| 13:20 | Create | Archer |
| 13:20 | Create | Archer |
| 13:29 | Build | Blacksmith |
| 13:33 | Create | Archer |
| 13:34 | Create | Villager (Male) |
| 13:41 | Create | Villager (Male) |
| 13:52 | Create | Archer |
| 13:56 | Create | Villager (Male) |
| 14:07 | Create | Archer |
| 14:17 | Build | Farm |
| 14:19 | Build | Farm |
| 14:23 | Create | Villager (Male) |
| 14:27 | Build | Palisade Wall |
| 14:29 | Build | House |
| 14:31 | Build | House |
| 14:33 | Build | House |
| 14:41 | Create | Archer |
| 14:41 | Create | Villager (Male) |
| 14:53 | Create | Archer |
| 15:05 | Create | Archer |
| 15:06 | Create | Archer |
| 15:15 | Research | Fletching |
| 15:15 | Research | Fletching |
| 15:17 | Create | Villager (Male) |
| 15:24 | Build | Farm |
| 15:27 | Build | Farm |
| 15:29 | Create | Archer |
| 15:34 | Create | Archer |
| 15:39 | Build | Watch Tower |
| 15:46 | Create | Villager (Male) |
| 15:53 | Build | Farm |
| 15:55 | Build | House |
| 15:59 | Create | Archer |
| 15:59 | Create | Archer |
| 16:05 | Create | Villager (Male) |
| 16:14 | Build | Mining Camp |
| 16:16 | Create | Archer |
| 16:33 | Research | Town Watch |
| 16:41 | Create | Villager (Male) |
| 16:48 | Build | Farm |
| 17:12 | Create | Villager (Male) |
| 17:13 | Create | Archer |
| 17:38 | Create | Archer |
| 17:38 | Create | Villager (Male) |
| 17:40 | Build | House |
| 17:41 | Build | House |
| 17:45 | Build | House |
| 17:53 | Create | Villager (Male) |
| 17:56 | Build | Farm |
| 18:11 | Build | Watch Tower |
| 18:27 | Create | Villager (Male) |
| 18:51 | Create | Villager (Male) |
| 18:55 | Build | Lumber Camp |
| 18:58 | Build | House |
| 19:00 | Build | Palisade Wall |
| 19:03 | Create | Villager (Male) |
| 19:20 | Build | House |
| 19:22 | Build | House |
| 19:24 | Build | House |
| 19:32 | Create | Villager (Male) |
| 19:47 | Build | Outpost |
| 19:50 | Create | Villager (Male) |
| 20:01 | Create | Villager (Male) |
| 20:05 | Build | Farm |
| 20:09 | Create | Villager (Male) |
| 20:19 | Build | Farm |
| 20:42 | Build | House |
| 20:52 | Create | Villager (Male) |
| 21:17 | Create | Villager (Male) |
| 21:20 | Build | Market |
| 21:28 | Create | Villager (Male) |
| 21:31 | Build | Farm |
| 21:53 | Create | Archer |
| 21:53 | Create | Archer |
| 22:13 | Research | Castle Age |
| 22:40 | Create | Archer |
| 22:40 | Create | Archer |
| 22:41 | Create | Villager (Male) |
| 23:05 | Build | Archery Range |
| 23:08 | Research | Padded Archer Armor |
| 23:08 | Research | Padded Archer Armor |
| 23:09 | Research | Horse Collar |
| 23:20 | Create | Archer |
| 24:05 | Create | Villager (Male) |
Match timeline
| 4:50 | eduv · first_building Barracks |
| 7:05 | wed890u · wall_segment Palisade Wall x1 |
| 7:07 | wed890u · wall_segment Palisade Wall x1 |
| 7:09 | wed890u · wall_segment Palisade Wall x1 |
| 7:11 | wed890u · wall_segment Palisade Wall x1 |
| 7:13 | wed890u · wall_segment Palisade Wall x5 |
| 7:56 | wed890u · wall_segment Palisade Wall x1 |
| 8:16 | wed890u · first_building Barracks |
| 8:51 | wed890u · age_up feudal |
| 9:18 | wed890u · wall_segment Palisade Wall x1 |
| 11:12 | wed890u · first_building Archery Range |
| 12:24 | eduv · age_up feudal |
| 12:27 | eduv · first_building Archery Range |
| 14:27 | wed890u · wall_segment Palisade Wall x2 |
| 14:59 | eduv · wall_segment Stone Wall x1 |
| 15:00 | eduv · wall_segment Stone Wall x1 |
| 15:01 | eduv · wall_segment Stone Wall x1 |
| 15:02 | eduv · wall_segment Stone Wall x1 |
| 15:04 | eduv · wall_segment Stone Wall x2 |
| 15:05 | eduv · wall_segment Stone Wall x3 |
| 18:09 | eduv · wall_segment Palisade Wall x7 |
| 19:00 | wed890u · wall_segment Palisade Wall x1 |
| 20:56 | eduv · first_market_buy 100 food |
| 22:00 | eduv · first_building Stable |
| 22:11 | wed890u · first_market_buy 100 food |
| 23:46 | eduv · age_up castle |
| 24:22 | eduv · first_building Siege Workshop |
| 24:43 | wed890u · wall_segment Palisade Wall x1 |
| 24:53 | wed890u · age_up castle |
| 25:07 | wed890u · first_building Monastery |
| 25:24 | wed890u · first_market_sell 100 wood |
| 31:16 | wed890u · first_building Castle |
| 31:37 | eduv · first_building Monastery |
| 38:44 | wed890u · age_up imperial |
| 38:57 | eduv · resign |
[ AI ANALYSIS · 1 CREDIT ]
What really happened in this match?
Wolo.gg analyzes every decision: build order, eco, micro, common mistakes by bracket. Personalized analysis on WhatsApp or Discord in 30 seconds.
Civ guide
Vietnamese
Perfil
Jugador #631884